 Dungeon Crawl Stone Soup version 0.21-a0-591-g2314aa1 (webtiles) character file.

6 wvc the Charmwright (level 1, -2/14 HPs)
             Began as a Barachi Wanderer on Dec 22, 2017.
             Slain by a hobgoblin (3 damage)
             ... on level 1 of the Dungeon.
             The game lasted 00:00:45 (405 turns).

wvc the Charmwright (Barachi Wanderer)               Turns: 405, Time: 00:00:45

Health: -2/14      AC:  8    Str: 11    XL:     1   Next: 90%
Magic:  2/2        EV:  5    Int: 14    God:
Gold:   0          SH:  0    Dex: 11    Spells: 2/2 levels left

rFire    . . .     SeeInvis .   e - +0 club
rCold    . . .     Gourm    .   (no shield)
rNeg     . . .     Faith    .   h - +0 chain mail (curse)
rPois    .         Spirit   .   (no helmet)
rElec    .         Reflect  .   (no cloak)
rCorr    .         Harm     .   (no gloves)
MR       .....                  (no boots)
Stlth    ..........             (no amulet)
HPRegen  0.04/turn              (no ring)
MPRegen  0.08/turn              (no ring)

@: slow
A: +LOS, swims, slowness 1, strong legs 1
a: Hop


You were on level 1 of the Dungeon.
You were not hungry.

You visited 1 branch of the dungeon, and saw 1 of its levels.

Inventory:

Hand Weapons
 e - a +0 club (weapon)
Armour
 h - a cursed +0 chain mail (worn)
Scrolls
 g - a scroll of teleportation {unknown}
Potions
 d - a potion of cancellation {unknown}
Books
 a - a book of Battle

   Spells                             Type                      Level
   a - Infusion                       Charms                       1
   b - Shroud of Golubria             Charms/Translocation         2
   c - Song of Slaying                Charms                       2
   d - Spectral Weapon                Hexes/Charms                 3
   e - Regeneration                   Charms/Necromancy            3
 b - the Grimoire of Confrontation

   Spells                             Type                      Level
   a - Sting                          Conjuration/Poison           1
   b - Conjure Flame                  Conjuration/Fire             3
 c - the Incunabulum of Battle Magic

   Spells                             Type                      Level
   a - Sting                          Conjuration/Poison           1
   b - Stone Arrow                    Conjuration/Earth            3
Comestibles
 f - a ration


   Skills:
 + Level 0.9 Fighting
 - Level 1.0 Throwing
 + Level 1.1 Dodging
   Level 1.1 Shields
 - Level 1.1 Spellcasting
   Level 1.1 Conjurations
   Level 3.2 Charms
   Level 1.0 Earth Magic
   Level 2.1 Poison Magic


You had 2 spell levels left.
You didn't know any spells.

Dungeon Overview and Level Annotations

Branches:
Dungeon (1/15)

Altars:


Innate Abilities, Weirdness & Mutations

Shadows flee at your approach. (+LOS)
You can swim through water.
You cover ground slowly.
You can hop short distances.


Message History

You hit the hobgoblin but do no damage. The hobgoblin hits you.
Your chain mail prevents you from hitting the hobgoblin.
The hobgoblin barely misses you. The hobgoblin hits you.
You are too injured to fight recklessly!
You are too injured to fight recklessly!
You are too injured to fight recklessly!
You closely miss the hobgoblin. The hobgoblin hits you.
* * * LOW HITPOINT WARNING * * *
You closely miss the hobgoblin.
The hobgoblin hits you but does no damage.
Your chain mail prevents you from hitting the hobgoblin.
The hobgoblin barely misses you.
The hobgoblin hits you but does no damage.
You closely miss the hobgoblin.
The hobgoblin hits you but does no damage.
You closely miss the hobgoblin. The hobgoblin barely misses you.
You hit the hobgoblin but do no damage. The hobgoblin hits you.
* * * LOW HITPOINT WARNING * * *
The hobgoblin hits you.
You die...

#.....# .#
#.##### #.#
#.# ## #.#
...########.#
#...........#
............#
........@...#
.......g....#
............#
............#
..........$.#
.############


You could see a hobgoblin.

Vanquished Creatures
  4 jackals (D:1)
  A frilled lizard (D:1)
5 creatures vanquished.

Notes
Turn   | Place    | Note
-------+----------+-------------------------------------------
     0 | D:1      | wvc the Barachi Wanderer began the quest for the Orb.
     0 | D:1      | wvc set off with: a book of Battle, the Grimoire of Confrontation, the Incunabulum of Battle Magic, a +0 robe, a +0 club, a ration
     0 | D:1      | Reached XP level 1. HP: 13/13 MP: 2/2
     0 | D:1      | Identified the Grimoire of Confrontation
     0 | D:1      | Identified the Incunabulum of Battle Magic
    35 | D:1      | Reached skill level 1 in Dodging
   405 | D:1      | Slain by a hobgoblin

Vault maps used:
D:1:      mrwooster_arrival_arrow, serial_park_tiny_2

Skill      XL: |  1 |
---------------+----+-----
Dodging        | 1 |  1.1
Fighting       | |  0.9
Throwing       | |  1.0
Shields        | |  1.1
Spellcasting   | |  1.1
Conjurations   | |  1.1
Charms         | |  3.2
Earth Magic    | |  1.0
Poison Magic   | |  2.1

Action                   || total
-------------------------++-------
Melee: Club              ||    34
Armor: Robe              ||     8
       Chain mail        ||     3
Dodge: Dodged            ||    26

Table legend:
 A = Spawn XP
 B = Non-spawn XP
 C = Spawn XP percentage of total XP
 D = Spawn monster count
 E = Non-spawn monster count
 F = Spawn count percentage of total count
 G = Total turns spent on level
                    A         B        C        D         E        F      G
               +---------+---------+-------+---------+---------+-------+---------
         Total |       0 |       9 |   0.0 |       0 |       5 |   0.0 |   405
               +---------+---------+-------+---------+---------+-------+---------
           D:1 |       0 |       9 |   0.0 |       0 |       5 |   0.0 |   405
               +---------+---------+-------+---------+---------+-------+---------
